 Dungeon Crawl Stone Soup version 0.20.1-1-g8b1a95d (webtiles) character file.

19451 InspectorIrate the Cleaver (level 13, -9/99 HPs)
             Began as a Formicid Fighter on Sept 12, 2017.
             Was a High Priest of Okawaru.
             Mangled by a blink frog (11 damage)
             ... on level 1 of the Lair of Beasts.
             The game lasted 01:15:02 (21674 turns).

InspectorIrate the Cleaver (Formicid Fighter)      Turns: 21674, Time: 01:15:03

Health: -9/99      AC: 12    Str: 29    XL:     13   Next: 4%
Magic:  13/13      EV:  5    Int:  9    God:    Okawaru [*****.]
Gold:   932        SH:  8    Dex: 14    Spells: 12/12 levels left

rFire    + . .     SeeInvis +   K - +2 hand axe (flame)
rCold    + . .     Gourm    .   c - +0 shield
rNeg     . . .     Faith    .   G - +1 chain mail {rC+}
rPois    +         Spirit   .   (helmet unavailable)
rElec    +         Reflect  .   W - +0 cloak
rCorr    .         Harm     .   (no gloves)
MR       ++...                  u - +1 pair of boots of the Apprentice {rPois Str+6}
Stlth    ..........             U - amulet of magic regeneration
Regen    0.3/turn               g - ring of protection from fire
MPRegen  0.2/turn               h - ring of poison resistance

@: extremely drained
A: permanent stasis, dig shafts and tunnels, four strong arms, antennae 3,
talons 1, blurry vision 1, magic resistance 1, poison resistance, electricity
resistance, strong 1
a: Dig, Shaft Self, Heroism, Finesse, Renounce Religion


You were on level 1 of the Lair of Beasts.
You worshipped Okawaru.
Okawaru was extremely pleased with you.
You were not hungry.

You visited 3 branches of the dungeon, and saw 14 of its levels.
You also visited: Sewer.

You collected 932 gold pieces.

Inventory:

Hand Weapons
 a - a +1 war axe
 J - a +0 glaive
 K - a +2 hand axe of flaming (weapon)
 L - a cursed -1 trident
 R - a +1 battleaxe of freezing
Missiles
 p - 243 stones
 C - 5 tomahawks
 O - 2 javelins of returning (quivered)
Armour
 c - a +0 shield (worn)
 j - a +0 cloak
 r - a +0 robe
 u - the +1 pair of boots of the Apprentice (worn) {rPois Str+6}
   (You found it on level 8 of the Dungeon)

   It affects your strength (+6).
   It protects you from poison.
 y - a +0 plate armour
 G - a +1 chain mail of cold resistance (worn)
 W - a +0 cloak (worn)
Magical Staves
 t - an uncursed staff of power {unknown}
 S - an uncursed staff of energy {unknown}
Jewellery
 g - a ring of protection from fire (left hand)
 h - a ring of poison resistance (right hand)
 U - an amulet of magic regeneration (around neck)
 V - an uncursed amulet of inaccuracy
Wands
 d - a wand of polymorph (9/24)
 s - a wand of lightning (0/15)
 v - a wand of clouds (1/9)
 N - a wand of random effects (25/48)
Scrolls
 e - 10 scrolls of remove curse
 m - 2 scrolls of immolation
 n - 6 scrolls of fear
 w - a scroll of enchant weapon
 B - a scroll of identify
 E - 3 scrolls of magic mapping
 H - 2 scrolls of silence
 P - a scroll of vulnerability {unknown}
Potions
 b - a potion of magic
 f - a potion of brilliance
 i - 3 potions of flight
 l - a potion of invisibility
 o - 2 potions of resistance
 q - a potion of ambrosia
 x - a potion of agility
 F - 3 potions of cancellation
 M - 4 potions of mutation
Books
 X - a book of Battle

   Spells                             Type                      Level
   a - Infusion                       Charms                       1
   b - Shroud of Golubria             Charms/Translocation         2
   c - Song of Slaying                Charms                       2
   d - Spectral Weapon                Hexes/Charms                 3
   e - Regeneration                   Charms/Necromancy            3
Miscellaneous
 Q - a fan of gales
Comestibles
 z - 2 bread rations
 D - 5 meat rations
 I - 19 fruits


   Skills:
 + Level 8.3(0.0) Fighting
 * Level 14.9(0.0) Axes
 - Level 1.0(0.0) Throwing
 + Level 9.1(0.0) Armour
 + Level 2.8(0.0) Dodging
 - Level 1.0(0.0) Stealth
 + Level 10.5(0.0) Shields
 - Level 0.5(0.0) Invocations


You had 12 spell levels left.
You didn't know any spells.

Dungeon Overview and Level Annotations

Branches:
Dungeon (11/15)            Temple (1/1) D:6            Lair (2/6) D:11
  Swamp: Lair:2-4    Shoals: Lair:2-4     Snake: Lair:2-4    Spider: Lair:2-4
    Orc: D:9-12

Altars:
Ashenzari
Cheibriados
Dithmenos
Elyvilon
Fedhas
Gozag
Hepliaklqana
Kikubaaqudgha
Makhleb
Nemelex Xobeh
Okawaru
Qazlal
Ru
Sif Muna
Trog
Uskayaw
Vehumet
Xom
Yredelemnul
Zin
The Shining One
Beogh

Shops:
D:4 :

Annotations:
D:11 Sonja


Innate Abilities, Weirdness & Mutations

You cannot be hasted, slowed, berserked, paralysed or teleported.
You can dig through walls and to a lower floor.
Your four strong arms can wield two-handed weapons with a shield.
You have a pair of large antennae on your head. (SInv)
You have sharp toenails.
Scrolls take you a little longer to read.
You are resistant to hostile enchantments. (MR+)
Your system is resistant to poisons. (rPois)
You are resistant to electric shocks. (rElec)
Your muscles are strong. (Str +2)


Message History

* * * LOW HITPOINT WARNING * * *
Your shield and chain mail prevent you from hitting the blink frog.
You hit the blink frog. You burn the blink frog. The blink frog hits you!
* * * LOW HITPOINT WARNING * * *
The blink frog blinks!
The blink frog hits you!
* * * LOW HITPOINT WARNING * * *
The blink frog blinks!
Unknown command.
Unknown command.
You are too injured to fight recklessly!
You are too injured to fight recklessly!
You miss the blink frog. The blink frog barely misses you.
You hit the blink frog. You burn the blink frog.
The blink frog is lightly wounded.
The blink frog blinks! x2; You block the blink frog's attack.
Unknown command.
The blink frog blinks!
The blink frog hits you but does no damage.
The blink frog hits you!
You die...

#.# #### ##........#....#... ..#
....##....⌠......###.... #§#
#...............##.... #F#
####...#..##.......###.# #.#
######.##.........##.....(..#
#.###..{{.F..⌠.#.......###....>.#
......######...##.#..#.#..##....#
#.#.### ##F####..##.#.# ####.#
#.###### ###...F@........# .##
P.###..###...##.........## .
#...F.........###.#..).... .
######P.##.#### ###..#####
####### ####


You could see 2 blink frogs.

Vanquished Creatures
  2 hydras
  A centaur warrior (D:9)
  A two-headed ogre (D:9)
  A tengu warrior (D:9)
  Maurice (D:8)
  Joseph (D:8)
  Psyche (D:10)
  A spiny frog (Lair:1)
  2 centaur skeletons
  A komodo dragon (Lair:1)
  A tengu conjurer (D:7)
  A hornet (D:9)
  Prince Ribbit (D:5)
  2 dream sheep
  Grinder (D:4)
  A hippogriff (D:9)
  18 yaks
  2 basilisks
  2 wyverns
  Grum (Lair:1)
  A hungry ghost (D:10)
  3 vampire mosquitoes
  A warg (Lair:1)
  2 water moccasins (Lair:1)
  6 porcupines
  5 sky beasts
  A hornet zombie (D:10)
  7 orc warriors
  2 black bears (D:11)
  5 ice beasts
  2 phantoms
  4 ogres
  6 centaurs
  12 wolves
  The ghost of Heh the Insei, an amateur OpTm (D:3)
  5 big kobolds
  6 crocodiles
  10 bullfrogs
  4 scorpions
  A wyvern skeleton (D:10)
  13 killer bees
  6 howler monkeys
  2 crimson imps (D:5)
  3 quasits (D:4)
  6 hounds
  5 jellies
  A gnoll shaman (D:8)
  4 orc priests
  16 orc wizards
  Jessica (D:3)
  Terence (D:3)
  3 iguanas
  3 worker ants
  A hound skeleton (D:7)
  A worker ant zombie (D:8)
  5 gnolls (D:8)
  17 adders
  A river rat (Sewer)
  5 shadow imps
  3 adder zombies
  3 oozes
  An adder skeleton (D:6)
  5 worms
  4 leopard geckos
  45 orcs
  8 giant cockroaches
  7 goblins
  11 hobgoblins
  18 jackals
  17 kobolds
  5 quokkas
  A ball python (D:4)
  10 bats
  9 frilled lizards
  11 rats
  A fungus (Lair:1)
379 creatures vanquished.

Vanquished Creatures (others)
  2 fungi
  2 plants (Lair:1)
4 creatures vanquished.

Grand Total: 383 creatures vanquished

Notes
Turn   | Place    | Note
-------+----------+-------------------------------------------
     0 | D:1      | InspectorIrate the Formicid Fighter began the quest for the Orb.
     0 | D:1      | Reached XP level 1. HP: 18/18 MP: 1/1
    84 | D:1      | Reached XP level 2. HP: 14/24 MP: 2/2
   260 | D:1      | Found a sparkling altar of Nemelex Xobeh.
   509 | D:1      | Reached XP level 3. HP: 29/29 MP: 3/3
   878 | D:2      | Reached XP level 4. HP: 36/37 MP: 4/4
   955 | D:2      | Reached skill level 3 in Axes
  1691 | D:2      | Found a shadowy altar of Dithmenos.
  2026 | D:2      | Gained mutation: Your spells are a little easier to cast, but a little less powerful. [potion of mutation]
  2026 | D:2      | Gained mutation: Your muscles are strong. (Str +2) [potion of mutation]
  2027 | D:2      | Lost mutation: Your muscles are strong. (Str +2) [potion of mutation]
  2027 | D:2      | Lost mutation: Your spells are a little easier to cast, but a little less powerful. [potion of mutation]
  2027 | D:2      | Gained mutation: Your muscles are strong. (Str +2) [potion of mutation]
  2027 | D:2      | Gained mutation: You are resistant to hostile enchantments. (MR+) [potion of mutation]
  2334 | D:3      | Reached XP level 5. HP: 42/42 MP: 5/5
  2472 | D:3      | Noticed Heh's ghost (amateur OpTm)
  2478 | D:3      | Killed Heh's ghost
  2478 | D:3      | Reached skill level 4 in Axes
  2528 | D:3      | Noticed Terence
  2540 | D:3      | Killed Terence
  2540 | D:3      | Reached XP level 6. HP: 44/48 MP: 6/6
  2721 | D:3      | Noticed Jessica
  2724 | D:3      | Killed Jessica
  3590 | D:4      | Found a glowing drain.
  3626 | Sewer    | Entered a sewer
  3629 | Sewer    | Reached skill level 5 in Axes
  3773 | Sewer    | Reached skill level 1 in Dodging
  3773 | Sewer    | Reached XP level 7. HP: 48/54 MP: 7/7
  4131 | Sewer    | Found a white marble altar of Elyvilon.
  4488 | D:4      | Reached skill level 6 in Axes
  4914 | D:4      | Noticed Grinder
  5233 | D:4      | Found Hufyfani's Book Emporium.
  5496 | D:5      | Entered Level 5 of the Dungeon
  5623 | D:5      | Found a sparkling altar of Nemelex Xobeh.
  5623 | D:5      | Found an opulent altar of Gozag.
  5752 | D:5      | Reached skill level 5 in Shields
  5801 | D:5      | Reached XP level 8. HP: 59/61 MP: 8/8
  5902 | D:5      | Reached skill level 7 in Axes
  6415 | D:5      | Noticed Prince Ribbit
  6425 | D:5      | Killed Prince Ribbit
  6679 | D:5      | Noticed a fire elemental
  6681 | D:5      | Found a stormy altar of Qazlal.
  6684 | D:5      | Noticed an air elemental
  6684 | D:5      | Noticed a water elemental
  6996 | D:6      | Found a runed door.
  7029 | D:6      | Reached skill level 5 in Fighting
  7029 | D:6      | Reached skill level 8 in Axes
  7132 | D:6      | Reached skill level 5 in Armour
  7279 | D:5      | Reached XP level 9. HP: 16/68 MP: 9/9
  8071 | D:6      | Reached skill level 9 in Axes
  9083 | D:6      | Found a roughly hewn altar of Beogh.
  9283 | D:6      | Reached skill level 1 in Throwing
  9435 | D:6      | Reached skill level 1 in Stealth
  9755 | D:6      | Found a staircase to the Ecumenical Temple.
  9764 | D:6      | Reached skill level 10 in Axes
  9768 | Temple   | Entered the Ecumenical Temple
  9817 | Temple   | Became a worshipper of Warmaster Okawaru
  9885 | D:6      | Gained mutation: Scrolls take you a little longer to read. [mutagenic meat]
  9886 | D:6      | Gained mutation: You have sharp toenails. [mutagenic meat]
  9887 | D:6      | Gained mutation: Your system is resistant to poisons. (rPois) [mutagenic meat]
  9888 | D:6      | Gained mutation: You are resistant to electric shocks. (rElec) [mutagenic meat]
 10067 | D:6      | Reached XP level 10. HP: 39/74 MP: 10/10
 10518 | D:7      | Found a hide-covered altar of Uskayaw.
 10554 | D:7      | Found a radiant altar of Vehumet.
 10820 | D:7      | You fall through a shaft!
 11063 | D:9      | Noticed a tengu warrior
 12122 | D:8      | Found a snail-covered altar of Cheibriados.
 12218 | D:8      | Reached * piety under Okawaru
 12276 | D:8      | Found a bloodstained altar of Trog.
 12279 | D:8      | Noticed Joseph
 12314 | D:8      | Killed Joseph
 12314 | D:8      | Reached skill level 11 in Axes
 12385 | D:8      | Got a pair of spiked boots
 12391 | D:8      | Identified the +1 pair of boots of the Apprentice {rPois Str+6} (You found it on level 8 of the Dungeon)
 12670 | D:8      | Noticed Maurice
 12715 | D:8      | Killed Maurice
 12849 | D:8      | Found a shimmering altar of Xom.
 13286 | D:4      | Killed Grinder
 13573 | D:9      | Noticed a centaur warrior
 13681 | D:8      | Reached ** piety under Okawaru
 13787 | D:9      | Reached XP level 11. HP: 63/81 MP: 11/11
 13788 | D:9      | Killed a tengu warrior
 13788 | D:9      | Reached skill level 12 in Axes
 14042 | D:9      | Killed a centaur warrior
 14526 | D:9      | Reached *** piety under Okawaru
 14681 | D:9      | Noticed a two-headed ogre
 14703 | D:9      | Killed a two-headed ogre
 15203 | D:9      | Reached **** piety under Okawaru
 15256 | D:10     | Entered Level 10 of the Dungeon
 15319 | D:10     | Reached skill level 13 in Axes
 16273 | D:10     | Noticed a three-headed hydra
 16385 | D:10     | Killed a one-headed hydra
 16391 | D:10     | Reached XP level 12. HP: 83/91 MP: 12/12
 17153 | D:10     | Reached ***** piety under Okawaru
 17244 | D:10     | Noticed Psyche
 17265 | D:10     | Killed Psyche
 17595 | D:11     | Found a staircase to the Lair.
 17631 | D:10     | Received a gift from Okawaru
 18076 | D:11     | Reached skill level 14 in Axes
 18656 | Lair:1   | Entered Level 1 of the Lair of Beasts
 18885 | Lair:1   | Reached skill level 10 in Shields
 19215 | Lair:1   | Received a gift from Okawaru
 19433 | Lair:1   | Noticed a six-headed hydra
 19445 | Lair:1   | Killed a one-headed hydra
 19476 | Lair:1   | Noticed Grum
 19484 | Lair:1   | Killed Grum
 19700 | Lair:1   | Reached XP level 13. HP: 90/98 MP: 13/13
 19749 | Lair:1   | Noticed Sonja
 21668 | Lair:1   | HP: 1/99 [blink frog (10)]
 21674 | Lair:1   | Mangled by a blink frog

Skill      XL: |  1  2  3  4  5  6  7  8  9 10 11 12 13 |
---------------+----------------------------------------+-----
Shields        | 4 5 6 8 9 10 | 10.5
Axes           | 3 4 5 6 8 10 11 13 14 | 14.9
Fighting       | 4 5 6 7 8 |  8.3
Armour         | 4 5 6 7 8 9 |  9.1
Dodging        | 1 2 |  2.8
Throwing       | 1 |  1.0
Stealth        | 1 |  1.0
Invocations    | |  0.5

Action                   |  1- 3 |  4- 6 |  7- 9 | 10-12 | 13-15 || total
-------------------------+-------+-------+-------+-------+-------++-------
Melee: War axe           |   140 |   210 |   390 |   830 |    12 ||  1582
       Kick              |       |       |     2 |    33 |       ||    35
       Hand axe          |       |       |       |    16 |    17 ||    33
       Battleaxe         |       |       |       |    33 |   127 ||   160
Throw: Stone             |       |       |    10 |     6 |       ||    16
       Tomahawk          |       |       |       |     3 |       ||     3
Invok: Heroism           |       |       |       |     5 |     2 ||     7
       Finesse           |       |       |       |     1 |       ||     1
 Abil: Dig               |       |     1 |       |     2 |       ||     3
       Shaft Self        |       |       |       |     1 |       ||     1
Evoke: Wand              |       |     4 |       |       |     2 ||     6
  Use: Scroll            |       |     5 |     8 |     9 |     1 ||    23
       Potion            |       |     2 |     3 |     4 |     8 ||    17
 Stab: Invisible         |       |       |       |     1 |       ||     1
  Eat: Bread ration      |       |     2 |     4 |     1 |     2 ||     9
       Royal jelly       |       |     1 |       |     9 |       ||    10
       Chunk             |       |       |     4 |       |       ||     4
       Meat ration       |       |       |     1 |     2 |       ||     3
       Fruit             |       |       |       |       |     1 ||     1
Armor: Scale mail        |    54 |    83 |    20 |       |       ||   157
       Plate armour      |       |       |    25 |       |       ||    25
       Chain mail        |       |       |    79 |   381 |   144 ||   604
       Skin              |       |       |       |       |    10 ||    10
Dodge: Dodged            |    61 |    66 |    82 |   317 |    81 ||   607
Block: Shield            |    71 |    97 |   176 |   607 |   143 ||  1094
